Description

ZvP Pro build

This is a build opener to play against Protoss. It is flexible in that you can make more or less zerglings depending on what you need at the time but I'll give you the basic order and such.

Just so you know the timestamps may not be accurate as I haven't fully tested it enough but I may update it in the future!

Build Order

Get SALT Encoding   

  13  0:13  Overlord  
  16  0:49  Hatchery  
  18  0:51  Extractor  
  17  0:57  Spawning Pool  @100% pool -> 2 pairs of zerglings, 2 queens
  20  1:10  Overlord  
  21  1:45  Zergling x2  rally 28th drone from natural to upcoming third base
  23  1:46  Queen x2  @28/36 supply -> check if cybercore is upgrading, @100 gas -> ling speed and take 2 drones off gas
  30  2:00  Hatchery  @2:30 check Protoss first unit > if stalker decide whether you wish to cancel ling speed in favor of overlord speed for the 3:00 scout
  32  2:10  Overlord  Double Inject with Queens
  32  2:13  Queen  Queen at Natural Base, Drones from prior Inject and put drones back on gas
  36  2:30  Creep Tumor  @3:00 send overlord into Protoss main base for scout and put creep tumour to connect to third
Spawning Tool Build Advisor. Get it on Overwolf

Go to:

Details

  • Created by: tbone49
  • Published on: Feb 23, 2023
  • Modified on: Feb 23, 2023
  • Patch: 5.0.11
  • Difficulty: Hard
Show
View Real Time Build Order
Export as new Build Order

Comments (0)

There are no comments. Be the first!

Create an account to comment!